 Dungeon Crawl Stone Soup version 0.14-a0-2810-g474977d (webtiles) character file.

323 Quh the Skirmisher (level 5, -5/47 HPs)
             Began as a Hill Orc Fighter on Feb 25, 2014.
             Killed from afar by Econoterrorist's ghost (17 damage)
             ... with a blast of negative energy
             ... on Level 5 of the Dungeon.
             The game lasted 00:21:04 (3312 turns).

Quh the Skirmisher (Hill Orc Fighter)               Turns: 3312, Time: 00:21:04

HP  -5/47        AC  9     Str 20      XL: 5   Next: 38%
MP   5/5         EV  6     Int  8      God:
Gold 166         SH 19     Dex 10      Spells:  0 memorised,  4 levels left

rFire  . . .     SeeInvis .     a - +0 falchion
rCold  . . .     Clarity  .     b - +0 orc scale mail
rNeg   . . .     Conserve .     c - +0 orc shield
rPois  .         rCorr    .     (no helmet)
rElec  .         rRot     .     (no cloak)
SustAb . .       Spirit   .     (no gloves)
rMut   .         Warding  .     m - +1 pair of boots
Saprov + . .     Stasis   .     i - amulet of inaccuracy {unknown}
MR     .....                    (no ring)
                                (no ring)

@: very slightly contaminated, drained, not resistant to hostile enchantments,
extremely unstealthy
A: saprovore 1
a: no special abilities


You were on level 5 of the Dungeon.
You were hungry.

You visited 1 branch of the dungeon, and saw 5 of its levels.

You collected 166 gold pieces.

Inventory:

Hand weapons
 a - a +0,+0 falchion (weapon)
 g - a +0,+0 whip
 j - a +0,+2 dagger of holy wrath
 q - a cursed -3,+0 whip
Missiles
 f - a javelin (quivered)
 h - 21 darts
Armour
 b - a +0 orcish scale mail (worn)
 c - a +0 orcish shield (worn)
 m - a +1 pair of boots (worn)
 u - a +0 buckler
Magical devices
 l - a wand of frost (12) {unknown}
Comestibles
 d - 2 meat rations
 n - a choko
 r - 3 bread rations
 w - a rotting chunk of jackal flesh
Scrolls
 o - a scroll of enchant weapon II {unknown}
 s - a scroll of fog {unknown}
 v - a scroll of remove curse
Jewellery
 i - an amulet of inaccuracy (around neck) {unknown}
 p - an uncursed ring of sustain abilities {unknown}
Potions
 e - a potion of curing
 k - a potion of restore abilities
 t - a potion of mutation {unknown}
 x - a potion of heal wounds {unknown}


   Skills:
 + Level 4.3(3.3) Fighting
 * Level 3.6(2.6) Long Blades
 + Level 1.4(0.5) Throwing
 + Level 4.0(3.0) Armour
 + Level 4.2(3.2) Shields


You had 4 spell levels left.
You didn't know any spells.

Dungeon Overview and Level Annotations

Branches:
Dungeon (5/16)
 Temple: D:4-7

Altars:
Cheibriados
Dithmenos
The Shining One

Annotations:
D:5 Econoterrorist's ghost, experienced DrTm; Pikel


Innate Abilities, Weirdness & Mutations

You can tolerate rotten meat.


Message History

You are very lightly contaminated with residual magic.
It was a scroll of blinking.
Econoterrorist's ghost (experienced Purple Draconian Transmuter) comes into view.
Econoterrorist's ghost turns its malevolent gaze towards you.
An ooze and a goblin come into view.
The goblin shouts!
The ooze quivers.
You block the quokka's attack.
Econoterrorist's ghost breathes negative energy at you.
The blast of negative energy hits you!
You feel drained.
* * * LOW HITPOINT WARNING * * *
You hit the quokka.
The quokka is almost dead.
You block the quokka's attack.
Econoterrorist's ghost breathes negative energy at you.
The blast of negative energy hits the quokka.
The quokka is drained!
The quokka dies!
The blast of negative energy hits you!
You feel drained.
You die...

#............
#.............
#.....$........
#.......p......
#<..............
#<....K.........
#<..............
#.....g..........
#......@......J..
#................
#...............
#.........#.....
#.....#..#g.....
..#...#.#.....
..#.####.... .##
...


You could see Pikel, an ooze, Econoterrorist's ghost, a hobgoblin and a goblin.

Vanquished Creatures
  A hound (D:4)
  5 adders
  A worm (D:2)
  3 giant geckos
  3 oozes
  An orc (D:3)
  7 bats
  7 goblins
  12 hobgoblins
  11 jackals
  9 kobolds
  A ball python (D:2)
  2 giant cockroaches (D:3)
  A giant newt (D:3)
  A goblin skeleton (D:4)
  2 rats
67 creatures vanquished.

Vanquished Creatures (others)
  A quokka (D:5)
1 creature vanquished.

Grand Total: 68 creatures vanquished

Notes
Turn   | Place    | Note
--------------------------------------------------------------
     0 | D:1      | Quh, the Hill Orc Fighter, began the quest for the Orb.
     0 | D:1      | Reached XP level 1. HP: 19/19 MP: 1/1
   134 | D:1      | Reached XP level 2. HP: 9/27 MP: 2/2
   596 | D:1      | Reached XP level 3. HP: 33/33 MP: 3/3
   977 | D:2      | Found a shadowy altar of Dithmenos.
  1344 | D:2      | Reached skill level 1 in Throwing
  1535 | D:2      | Reached skill level 4 in Shields
  1535 | D:2      | Reached XP level 4. HP: 40/40 MP: 4/4
  1636 | D:2      | Found a glowing golden altar of the Shining One.
  2320 | D:3      | Found a snail-covered altar of Cheibriados.
  2695 | D:3      | Reached XP level 5. HP: 36/46 MP: 5/5
  3215 | D:4      | Noticed a slave
  3215 | D:4      | Noticed a slave
  3216 | D:4      | Noticed a slave
  3217 | D:4      | Noticed Pikel
  3219 | D:4      | Noticed a slave
  3301 | D:5      | Entered Level 5 of the Dungeon
  3307 | D:5      | Noticed Econoterrorist's ghost (experienced DrTm)
  3312 | D:5      | Killed from afar by Econoterrorist's ghost

Action                   |  1- 3 |  4- 6 || total
-------------------------+-------+-------++-------
Melee: Falchion          |   309 |   261 ||   570
Throw: Javelin           |     5 |     4 ||     9
  Use: Scroll            |     7 |     2 ||     9
       Potion            |       |     2 ||     2
